 Dungeon Crawl Stone Soup version 0.20.1-1-g8b1a95d66d (webtiles) character file.

56 HighPriestOfRu the Gusty (level 3, 0/26 HPs)
             Began as a Draconian Air Elementalist on Dec 3, 2017.
             Slain by a jackal (1 damage)
             ... on level 2 of the Dungeon.
             The game lasted 00:11:36 (999 turns).

HighPriestOfRu the Gusty (DrAE)                      Turns: 999, Time: 00:11:37

Health: 0/26       AC:  5    Str: 10    XL:     3   Next: 71%
Magic:  1/7        EV: 12    Int: 16    God:
Gold:   41         SH:  0    Dex: 11    Spells: 4/7 levels left

rFire    + . .     SeeInvis .   c - +3 dagger
rCold    x . .     Gourm    .   (no shield)
rNeg     . . .     Faith    .   (armour unavailable)
rPois    .         Spirit   .   (helmet restricted)
rElec    .         Reflect  .   (no cloak)
rCorr    .         Harm     .   (no gloves)
MR       .....                  (no boots)
Stlth    +++.......             (no amulet)
Regen    0.1/turn               e - ring of fire
MPRegen  0.1/turn               h - ring of stealth

@: lethally poisoned (0 -> -1)
A: unfitting armour, cold-blooded, AC +5
a: no special abilities


You were on level 2 of the Dungeon.
You were hungry.

You visited 1 branch of the dungeon, and saw 2 of its levels.

You collected 41 gold pieces.

Inventory:

Hand Weapons
 c - a +3 dagger (weapon)
Jewellery
 e - a ring of fire (left hand)
 h - a ring of stealth (right hand)
Scrolls
 g - 3 scrolls of identify
 i - 4 scrolls of amnesia
Books
 a - a book of Air

   Spells                             Type                      Level
   a - Shock                          Conjuration/Air              1
   b - Swiftness                      Charms/Air                   2
   c - Static Discharge               Conjuration/Air              3
   d - Airstrike                      Air                          4
   e - Lightning Bolt                 Conjuration/Air              5
Comestibles
 b - 4 bread rations
 f - a meat ration
 j - 2 chunks of flesh


   Skills:
 - Level 0.2 Fighting
 - Level 1.7 Dodging
 - Level 1.7 Stealth
 + Level 2.9 Spellcasting
 + Level 1.7 Conjurations
 + Level 3.7 Air Magic


You had 4 spell levels left.
You knew the following spells:

 Your Spells              Type           Power        Failure   Level  Hunger
a - Shock                 Conj/Air       ##..         6%          1    #......
b - Swiftness             Chrm/Air       #.......     13%         2    ##.....


Dungeon Overview and Level Annotations

Branches:
Dungeon (2/15)

Altars:


Innate Abilities, Weirdness & Mutations

Your plain brown scales are hard. (AC +5)
You cannot fit into any form of body armour.
You are cold-blooded and may be slowed by cold attacks.


Message History

The jackal is moderately wounded.
The jackal bites you.
* * * LOW HITPOINT WARNING * * *
The jackal misses you.
You hit the jackal.
The jackal is severely wounded.
The jackal closely misses you.
The hobgoblin hits you but does no damage.
You closely miss the jackal.
The jackal is severely wounded.
* * * LOW HITPOINT WARNING * * *
You feel sick. The jackal barely misses you.
You hit the jackal.
You kill the jackal!
The hobgoblin barely misses you.
The jackal bites you but does no damage.
You hit the jackal.
The jackal is severely wounded.
The hobgoblin completely misses you. The jackal bites you.
You die...

*#.....# #.....#*,*,*,,* *,*
,#....5# #.....#*,#,,,,* *,*
,#.....# *...,.#*.#,#,** *,*
,#####h# *#.#*.##.#.#,**** *,*
,** #§# ###.##.......,,,,* *,*
,,***#.###.........#.#,**** *,*
,,,,,#†...............,# *,*
*,,,,#..#..###.#####...#******,**
**,*,#..#..##.Sh@g......,,,,,,,,*
,,,,,#..#..##.h######..#*********
**,,,......##..# *,,*
**,,......###..# *,,*
,,,#......#*#..#*****,,*
,,,........,....,,,,,,,*
,*,*,,,,,,*##.##*,,,**,*
,,,,,,,,,,**#$***,,,****
,,,,,,,,,,,,,,,,,,,,*


You could see an adder, 2 jackals and a hobgoblin.

Vanquished Creatures
  Natasha (D:2)
  A worm (D:2)
  A dart slug (D:1)
  4 goblins
  A hobgoblin (D:1)
  5 jackals (D:2)
  2 kobolds
  2 ball pythons (D:1)
  4 bats
  2 frilled lizards
  5 rats
28 creatures vanquished.

Notes
Turn   | Place    | Note
-------+----------+-------------------------------------------
     0 | D:1      | HighPriestOfRu the Draconian Air Elementalist began the quest for the Orb.
     0 | D:1      | Reached XP level 1. HP: 14/14 MP: 3/3
   194 | D:1      | Reached XP level 2. HP: 19/20 MP: 0/5
   357 | D:1      | Learned a level 2 spell: Swiftness
   926 | D:2      | Noticed Natasha
   945 | D:2      | Noticed a crimson imp
   964 | D:2      | Noticed a crimson imp
   965 | D:2      | Reached XP level 3. HP: 25/26 MP: 4/6
   984 | D:2      | Killed Natasha
   997 | D:2      | HP: 1/26 [poisoned by an adder]
   999 | D:2      | Slain by a jackal

Action                   || total
-------------------------++-------
Melee: Dagger            ||     9
 Cast: Shock             ||    46
  Use: Scroll            ||     3
       Potion            ||     1
Armor: Skin              ||    28
Dodge: Dodged            ||    41
